 Dungeon Sprint DCSS version 0.28-a0-1286-g6bde065e89 (webtiles) character file.

Game seed: 9696495325580349984

198880 mhtbhm the Skullcrusher (level 17, -24/139 HPs)
             Began as a Kobold Berserker on Dec 26, 2021.
             Was a High Priest of Trog.
             Killed from afar by a deep elf annihilator (59 damage)
             ... with an iron shot
             ... in the Dungeon (Sprint IX: "|||||||||||||||||||||||||||||").
             The game lasted 00:21:19 (13120 turns).

mhtbhm the Skullcrusher (Kobold Berserker)         Turns: 13120, Time: 00:21:20

Health: -24/139    AC: 38    Str: 22    XL:     17   Next: 76%
Magic:  0/17       EV: 16    Int:  8    God:    Trog [*****.]
Gold:   561        SH:  0    Dex: 15    Spells: 16/16 levels left

rFire   + + .      SeeInvis .   a - +3 demon whip (vorpal)
rCold   + . .      Faith    .   (shield restricted)
rNeg    . . .      Spirit   +   b - +2 gold dragon scales
rPois   +          Reflect  .   x - +2 hat of the Bear Spirit {Spirit, *Rage Will++}
rElec   .          Harm     .   m - +0 cloak {rCorr}
rCorr   +          Rampage  .   k - +0 pair of gloves {infuse}
Will    +++..      Rage     20% r - +1 pair of boots
Stlth   .......... NoTele   +   q - amulet of regeneration
HPRegen 1.13/turn               A - ring of protection from fire
MPRegen 0.15/turn               n - +2 ring of evasion

@: no status effects
A: small, no large weapons, nightstalker 3
}: 4/17 runes: decaying, serpentine, barnacled, gossamer
a: Renounce Religion, Berserk, Trog's Hand, Brothers in Arms


You were in the Dungeon.
You worshipped Trog.
Trog was extremely pleased with you.
You visited 1 branch You collected 1946 gold pieces.
You spent 1385 gold pieces at shops.

Inventory:

Hand Weapons
 a - a +3 vorpal demon whip (weapon)
 l - a +2 sacred scourge of holy wrath
Missiles
 o - 4 curare-tipped darts (quivered)
 w - 3 throwing nets
Armour
 b - +2 gold dragon scales (worn)
 k - a +0 pair of gloves of infusion (worn)
 m - a +0 cloak of preservation (worn)
 r - a +1 pair of boots (worn)
 x - the +2 hat of the Bear Spirit (worn) {Spirit, *Rage Will++}
   (You bought it in a shop in the Dungeon)

   Going berserk makes the wearer tougher, and they're slowed less afterward.
   *Rage:     It berserks you when you make melee attacks (+20% chance).
   Will:      It greatly increases your willpower.
Jewellery
 n - a +2 ring of evasion (right hand)
 q - an amulet of regeneration (around neck)
 A - a ring of protection from fire (left hand)
Wands
 j - a wand of acid (4)
Scrolls
 s - 8 scrolls of enchant weapon
 t - 5 scrolls of fear
 u - 2 scrolls of fog
 v - a scroll of identify
Potions
 c - 5 potions of curing
 d - 13 potions of heal wounds
 e - a potion of haste
 f - 4 potions of magic
 g - 2 potions of berserk rage
 i - a potion of invisibility
 p - 2 potions of might
 z - a potion of degeneration {unknown}


   Skills:
 O Level 27 Fighting
 + Level 4.4(5.3) Short Blades
 + Level 2.7(3.2) Long Blades
 + Level 2.7(16.9) Axes
 O Level 27 Maces & Flails
 + Level 2.6(4.2) Polearms
 - Level 4.5(18.6) Staves
 + Level 3.1(4.6) Slings
 - Level 1.2 Bows
 - Level 1.6 Crossbows
 + Level 5.6(6.1) Throwing
 O Level 27 Armour
 + Level 12.6 Dodging
 - Level 7.3 Stealth
 + Level 2.5 Shields
 - Level 1.1 Unarmed Combat
 - Level 1.2 Invocations
 - Level 3.3 Evocations


You had 16 spell levels left.
You didn't know any spells.
Your spell library was empty.

Dungeon Overview and Level Annotations

Branches:
Dungeon (1/1)

Altars:
Cheibriados
Dithmenos
Elyvilon
Fedhas
Gozag
Hepliaklqana
Kikubaaqudgha
Makhleb
Nemelex Xobeh
Okawaru
Qazlal
Ru
Sif Muna
Trog
Uskayaw
Vehumet
Wu Jian
Xom
Yredelemnul
Zin
The Shining One
Beogh
Jiyva
Lugonu

Shops:
D (([[


Innate Abilities, Weirdness & Mutations

You are small and have problems with some larger weapons.
You are completely attuned to the shadows.


Message History

The runic seal fades away.
Your base Short Blades skill increases to level 4!
Unknown command.
Items here: ( ))).
You open the door.
There is an open door, spattered with blood here.
Okay, then.
You whack the ettin!
The ettin is heavily wounded.
You thrash the ettin!!
The ettin is almost dead.
The ettin barely misses you.
The ettin hits you with a +0 dire flail!
You whack the ettin!
You kill the ettin!
Trog accepts your kill.
Your base Slings skill increases to level 3!
The deep elf annihilator hits you with a +0 rapier!
Things that are here:
a +0 dire flail; a +0 dire flail; an ettin corpse You hit the deep elf annihilator.
The deep elf annihilator is heavily wounded.
You barely miss the deep elf annihilator.
The deep elf annihilator is heavily wounded.
The deep elf annihilator barely misses you.
You closely miss the deep elf annihilator.
The deep elf annihilator is heavily wounded.
You hit the deep elf annihilator but do no damage.
The deep elf annihilator is heavily wounded.
The deep elf annihilator mumbles some strange words.
The deep elf annihilator blinks!
You recover from your berserk rage.
The deep elf annihilator gestures at you while chanting.
The bolt of lightning hits you!!
* * * LOW HITPOINT WARNING * * *
There is an open door, spattered with blood here.
The deep elf annihilator is no longer covered in acid.
The deep elf annihilator casts a spell at you.
The iron shot hits you!!!
You die...

▓)▓.▓.▓.▓)▓.▓)▓)▓.
▓)▓.▓.▓.▓.▓.▓(▓)▓.
▓.▓.▓.▓.▓.▓.▓.▓.▓.
▓.▓.▓.▓.▓.▓.▓(▓.▓.
▓.▓.▓.▓.▓[▓.▓)▓.▓.
▓.▓.▓.▓.▓[▓.▓)▓.▓.
▓e▓.▓.▓.▓[▓.▓.▓.▓.
▓.▓.▓.▓.▓[▓.▓.▓.▓.
▓@▓.▓)▓.▓[▓.▓.▓.▓)
▓§▓.▓)▓.▓[▓.▓)▓.▓)
▓)▓.▓)▓.▓.▓.▓)▓.▓.
▓)▓.▓)▓.▓.▓.▓)▓.▓☼
▓)▓.▓)▓.▓.▓.▓)▓.▓.
▓)▓)▓)▓.▓.▓.▓[▓.▓§
▓)▓.▓)▓.▓.▓.▓.▓.▓§
▓)▓.▓.▓.▓.▓.▓.▓.▓☼
▓.▓.▓.▓.▓.▓.▓.▓.▓☼


You could see a deep elf annihilator.

Vanquished Creatures
  Mennas (D)
  Margery (D)
  A golden dragon (D)
  Nikola (D)
  Jory (D)
  Rupert (D)
  A thorn hunter (D)
  2 sphinxes (D)
  Agnes (D)
  4 nagarajas (D)
  Ilsuiw (D)
  2 frost giants (D)
  A ghost moth (D)
  Louise (D)
  5 emperor scorpions (D)
  3 fire giants (D)
  An orc warlord (D)
  3 vault wardens (D)
  A quicksilver ooze (shapeshifter) (D)
  2 very ugly things (D)
  5 ironbound preservers (D)
  6 stone giants (D)
  An eleionoma (D)
  An ironbound thunderhulk (D)
  Azrael (D)
  A yellow draconian (D)
  5 ettins (D)
  2 merfolk javelineers (D)
  2 fire dragons (D)
  9 merfolk impalers (D)
  4 yaktaur captains (D)
  Harold (D)
  2 great orbs of eyes (D)
  25 vault guards (D)
  A rakshasa (D)
  2 ghost crabs (D)
  A jorogumo (D)
  9 hydras (D)
  A deep troll shaman (D)
  An ironbound frostheart (D)
  2 merfolk aquamancers (D)
  An anaconda (D)
  3 boulder beetles (D)
  A tengu warrior (D)
  An orc high priest (D)
  A vampire mage (D)
  A deep troll earth mage (D)
  5 hell knights (D)
  Sonja (D)
  A naga sharpshooter (D)
  An iron troll (D)
  A glowing orange brain (D)
  4 deep trolls (D)
  An orb spider (D)
  A goliath frog (shapeshifter) (D)
  5 swamp dragons (D)
  2 necromancers (D)
  3 wizards (D)
  2 ironbound convokers (D)
  A deep elf pyromancer (D)
  A lindwurm (D)
  4 wolf spiders (D)
  An ugly thing (D)
  A mana viper (D)
  2 moths of wrath (D)
  A merfolk siren (D)
  A guardian serpent (D)
  4 naga magi (D)
  4 black mambas (D)
  A vault sentinel (D)
  A water nymph (D)
  2 cane toads (D)
  Joseph (D)
  A freezing wraith (D)
  4 trolls (D)
  A hornet (shapeshifter) (D)
  3 tyrant leeches (D)
  A slime creature (D)
  A meliai (D)
  A culicivora (D)
  2 blink frogs (D)
  A snapping turtle (D)
  2 yaks (D)
  A jumping spider (D)
  3 fire elementals (D)
  2 wyverns (D)
  2 redbacks (D)
  2 vampire mosquitoes (D)
  2 nagas (D)
  2 hell hounds (D)
  4 water moccasins (D)
  A swamp drake (D)
  5 orc warriors (D)
  A centaur (D)
  A kobold brigand (D)
  6 bullfrogs (D)
  A hound (D)
  2 orc priests (D)
  An iguana (D)
  6 orc wizards (D)
  An adder (D)
  An adder zombie (D)
  4 worms (D)
  A dart slug (D)
  6 orcs (D)
  2 endoplasms (D)
  A bat (D)
  A rat (D)
252 creatures vanquished.

Vanquished Creatures (collateral kills)
  2 nagarajas (D)
  A vault warden (D)
  A fire giant (D)
  A war gargoyle (D)
  A vampire knight (D)
  3 merfolk javelineers (D)
  A centaur warrior (D)
  A tengu warrior (D)
  An orc high priest (D)
  A sea snake (D)
  A deep elf pyromancer (D)
  A manticore (D)
  A merfolk siren (D)
  A black mamba (D)
  A naga mage (D)
  A guardian serpent (D)
  2 demonic crawlers (D)
  A jumping spider (D)
  A basilisk (D)
  A naga (D)
  5 orc warriors (D)
  2 orcs (D)
31 creatures vanquished.

Vanquished Creatures (others)
  An alligator (D)
  A will-o-the-wisp (D)
2 creatures vanquished.

Grand Total: 285 creatures vanquished

Notes
Turn   | Place    | Note
-------+----------+-------------------------------------------
     0 | D        | mhtbhm the Kobold Berserker began the quest for the Orb.
     0 | D        | Reached XP level 1. HP: 14/14 MP: 1/1
    10 | D        | Reached ** piety under Trog
    18 | D        | Reached XP level 2. HP: 14/20 MP: 2/2
   123 | D        | Reached skill level 5 in Fighting
   123 | D        | Reached XP level 3. HP: 24/26 MP: 3/3
   125 | D        | Reached *** piety under Trog
   126 | D        | Reached skill level 5 in Maces & Flails
   126 | D        | Reached XP level 4. HP: 24/32 MP: 4/4
   131 | D        | Reached XP level 5. HP: 28/37 MP: 5/5
   138 | D        | Reached **** piety under Trog
   181 | D        | Found a snail-covered altar of Cheibriados.
   181 | D        | Found a shadowy altar of Dithmenos.
   182 | D        | Found a white marble altar of Elyvilon.
   183 | D        | Found a blossoming altar of Fedhas.
   184 | D        | Found an opulent altar of Gozag.
   185 | D        | Found a hazy altar of Hepliaklqana.
   186 | D        | Found a viscous altar of Jiyva.
   187 | D        | Found an ancient bone altar of Kikubaaqudgha.
   188 | D        | Found a corrupted altar of Lugonu.
   189 | D        | Found a burning altar of Makhleb.
   190 | D        | Found a sparkling altar of Nemelex Xobeh.
   191 | D        | Found an iron altar of Okawaru.
   192 | D        | Found a stormy altar of Qazlal.
   193 | D        | Found a sacrificial altar of Ru.
   194 | D        | Found a shimmering blue altar of Sif Muna.
   195 | D        | Found a bloodstained altar of Trog.
   196 | D        | Found a hide-covered altar of Uskayaw.
   197 | D        | Found a radiant altar of Vehumet.
   198 | D        | Found an ornate altar of the Wu Jian Council.
   199 | D        | Found a shimmering altar of Xom.
   200 | D        | Found a basalt altar of Yredelemnul.
   201 | D        | Found a glowing silver altar of Zin.
   202 | D        | Found a glowing golden altar of the Shining One.
   355 | D        | Noticed a kobold brigand
   355 | D        | Noticed a yak
   356 | D        | Noticed a centaur
   359 | D        | Noticed a yak
   362 | D        | Killed a kobold brigand
   363 | D        | Reached skill level 5 in Dodging
   363 | D        | Reached skill level 1 in Stealth
   363 | D        | Reached XP level 6. HP: 44/44 MP: 6/6
   366 | D        | Killed a yak
   368 | D        | Reached ***** piety under Trog
   369 | D        | Reached XP level 7. HP: 51/51 MP: 7/7
   373 | D        | Killed a yak
   374 | D        | Reached skill level 10 in Fighting
   374 | D        | Reached skill level 10 in Maces & Flails
   562 | D        | Noticed a hornet
   562 | D        | Noticed a boulder beetle
   562 | D        | Noticed a boulder beetle
   564 | D        | Killed a hornet
   565 | D        | Reached XP level 8. HP: 59/59 MP: 8/8
   566 | D        | Noticed a deep elf pyromancer
   717 | D        | Noticed a basilisk
   721 | D        | Noticed a manticore
   727 | D        | Killed a boulder beetle
   738 | D        | Killed a boulder beetle
   739 | D        | Reached XP level 9. HP: 52/66 MP: 9/9
   742 | D        | Killed a manticore
   749 | D        | Killed a deep elf pyromancer
   750 | D        | Reached skill level 15 in Maces & Flails
   750 | D        | Reached XP level 10. HP: 41/73 MP: 10/10
  1050 | D        | Reached skill level 5 in Armour
  1195 | D        | Noticed a cane toad
  1195 | D        | Noticed a cane toad
  1207 | D        | Killed a cane toad
  1213 | D        | Killed a cane toad
  1213 | D        | Received a gift from Trog
  1216 | D        | Reached ****** piety under Trog
  1300 | D        | Noticed a black mamba
  1300 | D        | Noticed a black mamba
  1304 | D        | Reached skill level 5 in Stealth
  1305 | D        | Killed a black mamba
  1311 | D        | Killed a black mamba
  1315 | D        | Received a gift from Trog
  1338 | D        | Reached skill level 1 in Throwing
  1338 | D        | Reached XP level 11. HP: 78/80 MP: 11/11
  1375 | D        | Noticed a lindwurm
  1382 | D        | Killed a lindwurm
  1392 | D        | Identified the +7 quarterstaff of Timnuigg {vorpal, Fly
                  | rElec Will+++ Stlth+} (Trog gifted it to you in the
                  | Dungeon)
  1392 | D        | Received a gift from Trog
  1696 | D        | Reached skill level 15 in Fighting
  1696 | D        | Reached skill level 1 in Staves
  1926 | D        | Noticed Harold
  1936 | D        | Killed Harold
  1936 | D        | Received a gift from Trog
  2258 | D        | Noticed Joseph
  2267 | D        | Killed Joseph
  2313 | D        | Noticed an orc high priest
  2329 | D        | Killed an orc high priest
  2332 | D        | Received a gift from Trog
  2557 | D        | Received a gift from Trog
  2585 | D        | Noticed an orc high priest
  2597 | D        | Killed an orc high priest
  2600 | D        | Received a gift from Trog
  2610 | D        | Reached skill level 10 in Dodging
  3167 | D        | Noticed an iron troll
  3170 | D        | Noticed a deep troll
  3176 | D        | Killed an iron troll
  3186 | D        | Killed a deep troll
  3187 | D        | Reached XP level 12. HP: 90/90 MP: 4/12
  3191 | D        | Noticed a deep troll
  3197 | D        | Noticed a deep troll
  3502 | D        | Noticed a deep troll
  3510 | D        | Killed a deep troll
  3510 | D        | Received a gift from Trog
  3538 | D        | Killed a deep troll
  3545 | D        | Killed a deep troll
  3742 | D        | Found Jutifaisa's Antique Weapon Emporium.
  3746 | D        | Found Replua's Weapon Shoppe.
  3750 | D        | Found Wedoitwi's Armour Emporium.
  3753 | D        | Found Tapladworu's Armour Shoppe.
  3756 | D        | Noticed a stone giant
  3757 | D        | Noticed an ettin
  3758 | D        | Noticed an ettin
  3759 | D        | Noticed a stone giant
  3766 | D        | Killed a stone giant
  3775 | D        | Killed a stone giant
  3782 | D        | Killed an ettin
  3787 | D        | Killed an ettin
  3787 | D        | Received a gift from Trog
  3827 | D        | Bought +0 gold dragon scales for 960 gold pieces
  3834 | D        | Bought the +2 hat of the Bear Spirit {Spirit, *Rage Will++}
                  | for 293 gold pieces
  3834 | D        | Found the +2 hat of the Bear Spirit {Spirit, *Rage Will++}
  3852 | D        | Bought a runed mace for 132 gold pieces
  4023 | D        | Noticed Sonja
  4033 | D        | Killed Sonja
  4165 | D        | Noticed a boulder beetle
  4185 | D        | Noticed a tengu warrior
  4187 | D        | Noticed a centaur warrior
  4191 | D        | Noticed a four-headed hydra
  4206 | D        | Noticed a cyan very ugly thing
  4217 | D        | Killed a boulder beetle
  4217 | D        | Received a gift from Trog
  4222 | D        | Killed a tengu warrior
  4234 | D        | Killed a centaur warrior
  4235 | D        | Reached XP level 13. HP: 38/99 MP: 2/13
  4337 | D        | Killed a four-headed hydra
  4526 | D        | Noticed a quicksilver ooze
  4535 | D        | Killed a quicksilver ooze
  4536 | D        | Reached skill level 10 in Armour
  4616 | D        | Killed a cyan very ugly thing
  4765 | D        | Noticed a fire giant
  4785 | D        | Killed a fire giant
  5117 | D        | Noticed a stone giant
  5133 | D        | Killed a stone giant
  5133 | D        | Received a gift from Trog
  5134 | D        | Reached skill level 1 in Evocations
  5526 | D        | Noticed a frost giant
  5542 | D        | Killed a frost giant
  5874 | D        | Noticed Agnes
  5891 | D        | Killed Agnes
  5891 | D        | Received a gift from Trog
  6141 | D        | Noticed an anaconda
  6156 | D        | Received a gift from Trog
  6177 | D        | Killed an anaconda
  6187 | D        | Noticed a merfolk impaler
  6189 | D        | Received a gift from Trog
  6441 | D        | Killed a merfolk impaler
  6586 | D        | Reached XP level 14. HP: 108/108 MP: 3/14
  6684 | D        | Received a gift from Trog
  6876 | D        | Identified the +7 flail "Taiphel" {vorpal, Dex+3} (Trog
                  | gifted it to you in the Dungeon)
  6876 | D        | Received a gift from Trog
  7205 | D        | Noticed an eleionoma
  7215 | D        | Killed an eleionoma
  7227 | D        | Received a gift from Trog
  7326 | D        | Noticed a thorn hunter
  7340 | D        | Killed a thorn hunter
  7340 | D        | Received a gift from Trog
  8010 | D        | Noticed a sphinx
  8019 | D        | Killed a sphinx
  8029 | D        | Noticed a fire giant
  8034 | D        | Killed a fire giant
  8034 | D        | Received a gift from Trog
  8035 | D        | Reached skill level 15 in Armour
  8113 | D        | Noticed a frost giant
  8119 | D        | Killed a frost giant
  8145 | D        | Noticed a golden dragon
  8147 | D        | Noticed a fire giant
  8161 | D        | Killed a golden dragon
  8171 | D        | Killed a fire giant
  8600 | D        | Noticed a cyan very ugly thing
  8601 | D        | Noticed a stone giant
  8609 | D        | Killed a cyan very ugly thing
  8609 | D        | Received a gift from Trog
  8610 | D        | Reached XP level 15. HP: 118/118 MP: 15/15
  8611 | D        | Noticed a stone giant
  8615 | D        | Killed a stone giant
  8616 | D        | Noticed a fire giant
  8617 | D        | Noticed a stone giant
  8622 | D        | Killed a stone giant
  8626 | D        | Killed a fire giant
  8634 | D        | Killed a stone giant
  8744 | D        | Noticed an ironbound preserver
  8744 | D        | Noticed an ironbound preserver
  8752 | D        | Killed an ironbound preserver
  8752 | D        | Received a gift from Trog
  8760 | D        | Killed an ironbound preserver
  8771 | D        | Identified the +5 quarterstaff of Malaise {vorpal, Fly rF-
                  | Will++ SInv} (Trog gifted it to you in the Dungeon)
  8771 | D        | Received a gift from Trog
  8777 | D        | Noticed a vault warden
  8788 | D        | Noticed a nagaraja
  9218 | D        | Killed a nagaraja
  9235 | D        | Received a gift from Trog
  9271 | D        | Killed a vault warden
  9309 | D        | Noticed an orc warlord
  9394 | D        | Killed an orc warlord
  9628 | D        | Noticed a sphinx
  9634 | D        | Received a gift from Trog
  9640 | D        | Killed a sphinx
  9717 | D        | Received a gift from Trog
  9755 | D        | Noticed an ironbound preserver
  9760 | D        | Killed an ironbound preserver
  9770 | D        | Noticed a vault warden
  9789 | D        | Killed a vault warden
  9903 | D        | Noticed Mennas
  9947 | D        | Killed Mennas
 10170 | D        | Noticed Margery
 10177 | D        | Received a gift from Trog
 10188 | D        | Killed Margery
 10189 | D        | Reached XP level 16. HP: 129/129 MP: 8/16
 10203 | D        | Received a gift from Trog
 10896 | D        | Noticed Azrael
 10898 | D        | Noticed Jory
 10905 | D        | Killed Azrael
 10915 | D        | Killed Jory
 10916 | D        | Reached skill level 27 in Maces & Flails
 11004 | D        | Received a gift from Trog
 11045 | D        | Received a gift from Trog
 11070 | D        | Got a decaying rune of Zot
 11177 | D        | Noticed Ilsuiw
 11187 | D        | Received a gift from Trog
 11201 | D        | Killed Ilsuiw
 11202 | D        | Reached skill level 27 in Fighting
 11222 | D        | Identified the +5 quarterstaff "Hotucive" {vorpal, rN+}
                  | (Trog gifted it to you in the Dungeon)
 11222 | D        | Received a gift from Trog
 11489 | D        | Got a barnacled rune of Zot
 11509 | D        | Noticed a nagaraja
 11509 | D        | Noticed a nagaraja
 11519 | D        | Killed a nagaraja
 11526 | D        | Killed a nagaraja
 11526 | D        | Received a gift from Trog
 11527 | D        | Noticed a nagaraja
 11533 | D        | Killed a nagaraja
 11533 | D        | Noticed a nagaraja
 11539 | D        | Noticed a nagaraja
 11544 | D        | Killed a nagaraja
 11544 | D        | Received a gift from Trog
 11547 | D        | Killed a nagaraja
 11558 | D        | Got a serpentine rune of Zot
 11752 | D        | Noticed an emperor scorpion
 11752 | D        | Noticed an emperor scorpion
 11752 | D        | Noticed an emperor scorpion
 11756 | D        | Killed an emperor scorpion
 11765 | D        | Killed an emperor scorpion
 11770 | D        | Killed an emperor scorpion
 11781 | D        | Received a gift from Trog
 11787 | D        | Killed a ghost moth
 11790 | D        | Noticed an emperor scorpion
 11796 | D        | Reached XP level 17. HP: 104/139 MP: 0/17
 11809 | D        | HP: 4/139 [poisoned by an emperor scorpion]
 12048 | D        | Received a gift from Trog
 12261 | D        | Got a gossamer rune of Zot
 12297 | D        | Noticed Nikola
 12310 | D        | Noticed Rupert
 12315 | D        | Killed Nikola
 12340 | D        | Killed Rupert
 12467 | D        | Noticed Louise
 12473 | D        | Killed Louise
 12560 | D        | Received a gift from Trog
 12654 | D        | Received a gift from Trog
 12829 | D        | Received a gift from Trog
 12859 | D        | Received a gift from Trog
 13060 | D        | Reached skill level 27 in Armour
 13062 | D        | Received a gift from Trog
 13063 | D        | Reached skill level 1 in Short Blades
 13063 | D        | Reached skill level 1 in Slings
 13063 | D        | Reached skill level 1 in Bows
 13063 | D        | Reached skill level 1 in Crossbows
 13063 | D        | Reached skill level 1 in Invocations
 13067 | D        | Reached skill level 1 in Long Blades
 13067 | D        | Reached skill level 1 in Axes
 13067 | D        | Reached skill level 1 in Polearms
 13067 | D        | Reached skill level 1 in Unarmed Combat
 13072 | D        | Reached skill level 1 in Shields
 13096 | D        | Reached skill level 5 in Throwing
 13102 | D        | Received a gift from Trog
 13120 | D        | Killed from afar by a deep elf annihilator

Illustrated notes

Levels and vault maps discovered:
D:        linesprint [early_d, line_temple, items_1, d_10, items_2, lair_1,
          lair_end, items_3, orc_1, orc_end, items_4, d_15, swamp_1, shoals_1,
          snake_1, spider_1, d_20, vaults_1, items_5, swamp_end, shoals_end,
          snake_end, spider_end, vaults_end, d_27, items_6, zot_1, zot_end,
          crypt_end, forest_end, elf_end, slime_end, tomb_end, abyss_end,
          pan_hell_end]

Skill      XL: |  1  2  3  4  5  6  7  8  9 10 11 12 13 14 15 16 17 |
---------------+----------------------------------------------------+-----
Maces & Flails | 3 4 5 6 7 9 11 13 15 17 18 20 22 24 26 27 | 27.0
Fighting       | 4 5 6 7 9 10 12 13 14 16 18 20 22 25 27 | 27.0
Armour         | 2 3 4 5 8 9 13 15 17 23 27 | 27.0
Dodging        | 3 4 5 6 7 8 10 11 12 | 12.6
Stealth        | 1 2 3 4 5 7 |  7.3
Throwing       | 1 2 3 4 5 |  5.6
Staves         | 4 |  4.5
Evocations     | 1 2 3 |  3.3
Short Blades   | 4 |  4.4
Slings         | 3 |  3.1
Bows           | 1 |  1.2
Crossbows      | 1 |  1.6
Invocations    | 1 |  1.2
Long Blades    | 2 |  2.7
Axes           | 2 |  2.7
Polearms       | 2 |  2.6
Unarmed Combat | 1 |  1.1
Shields        | 2 |  2.5

Action                   |  1- 3 |  4- 6 |  7- 9 | 10-12 | 13-15 | 16-18 || total
-------------------------+-------+-------+-------+-------+-------+-------++-------
Melee: Mace              |    19 |    11 |       |    47 |   103 |       ||   180
       Morningstar       |       |    10 |    31 |    82 |       |       ||   123
       Quarterstaff      |       |       |       |    67 |       |       ||    67
       Flail             |       |       |       |   114 |       |       ||   114
       Demon whip        |       |       |       |       |   464 |   496 ||   960
       Eveningstar       |       |       |       |       |    74 |       ||    74
Throw: Dart              |       |       |     1 |     1 |     3 |       ||     5
       Throwing net      |       |       |       |     3 |       |       ||     3
Invok: Berserk           |     1 |     1 |     2 |    12 |     6 |     6 ||    28
       Brothers in Arms  |       |       |     1 |     3 |     6 |     8 ||    18
       Trog's Hand       |       |       |       |       |       |     1 ||     1
Evoke: Wand              |       |       |       |     2 |     3 |     6 ||    11
  Use: Scroll            |       |       |       |     2 |     2 |     5 ||     9
       Potion            |       |       |       |     1 |     4 |     3 ||     8
 Stab: Sleeping          |       |       |       |     5 |       |       ||     5
       Distracted        |       |       |       |       |     1 |       ||     1
Armor: Animal skin       |     1 |       |       |       |       |       ||     1
       Ring mail         |       |     2 |     6 |    24 |       |       ||    32
       Gold dragon scale |       |       |       |    58 |   289 |   235 ||   582
Dodge: Dodged            |    11 |    14 |     8 |   197 |   184 |   171 ||   585

Table legend: (Time is in decaauts) A = Elapsed time spent in this place. B = Non-inter-level travel time spent in this place. C = Inter-level travel time spent in this place. D = Time resting spent in this place. E = Time spent auto-exploring this place. F = Levels seen in this place. G = Mean time per level. A B C D E F G +--------+--------+--------+--------+--------+-----+--------+ Total | 12780 | 12780 | 0 | 7883 | 1385 | 1 | 12780.0 | Dungeon | 12780 | 12780 | 0 | 7883 | 1385 | 1 | 12780.0 | +--------+--------+--------+--------+--------+-----+--------+

Top non-repeatable levels by time:
       D: 12780 daAuts
